Cogmind - Beta 12 *** ADVENTURER MODE // 2023.03.14 @ 20:27:08 Player: OrzaRound Result: Self-destructed Performance ------------- Evolutions (1) 500 Regions Visited (2) 400 Robots Destroyed (16) 80 Value Destroyed (457) 457 Prototype IDs (4) 80 Alien Tech Used (0) 0 Bonus (0) 0 TOTAL SCORE: 1517 Bonus ------- None Cogmind --------- Core Integrity 294/400 Matter 290/300 Energy 100/100 System Corruption 0% Temperature Cool (0) Movement Walking (120) Location -9/Materials Parts ------- > --- POWER (1) -------- (None) > --- PROPULSION (2) --- Aluminum Leg Aluminum Leg > --- UTILITY (4) ------ ECM Suite > --- WEAPON (2) ------- Light Assault Rifle Improved Assault Rifle > --- INVENTORY (5) ---- Light Assault Rifle Light Assault Rifle Peak State ------------ > --- POWER ------------ Ion Engine > --- PROPULSION ------- Aluminum Leg Aluminum Leg > --- UTILITY ---------- ECM Suite ECM Suite > --- WEAPON ----------- Light Assault Rifle Improved Assault Rifle > --- INVENTORY -------- Light Ion Engine Light Assault Rifle Light Assault Rifle [Rating: 9] Favorites ----------- Power Ion Engine Engine Ion Engine Propulsion Aluminum Leg Leg Aluminum Leg Utility ECM Suite Device ECM Suite Storage Small Storage Unit Weapon Light Assault Rifle Energy Gun Medium Laser Ballistic Gun Light Assault Rifle Launcher Grenade Launcher Build | -11 -10 -9 ------- Run | Jun Mat Mat Slots Evolved 2 | . . 2 Power . | . . . Propulsion . | . . . Utility 2 | . . 2 Weapon . | . . . Parts Attached 19 | 6 8 5 Power 3 | 1 1 1 Engine 3 | 1 1 1 Core . | . . . Reactor . | . . . Propulsion 4 | 2 1 1 Treads . | . . . Leg 4 | 2 1 1 Wheel . | . . . Hover . | . . . Flight . | . . . Utility 3 | 1 2 . Device 2 | . 2 . Storage 1 | 1 . . Processor . | . . . Hackware . | . . . Protection . | . . . Artifact . | . . . Weapon 9 | 2 4 3 Energy Gun 1 | 1 . . Energy Cannon . | . . . Ballistic Gun 6 | 1 2 3 Ballistic Cannon . | . . . Launcher 2 | . 2 . Special Weapon . | . . . Impact Weapon . | . . . Slashing Weapon . | . . . Piercing Weapon . | . . . Special Melee Weapon . | . . . Unidentified Prototypes 1 | . . 1 Parts Lost 4 | . 1 3 Power 2 | . . 2 Propulsion . | . . . Utility 1 | . . 1 Weapon 1 | . 1 . Highest Loss Streak 2 | . 1 2 To Critical Strikes . | . . . Average Slot Usage (%) 86 | . 95 74 Engine 12 | . 14 11 Leg 25 | . 27 22 Device 22 | . 24 19 Storage 1 | . 1 . Energy Gun 1 | . 2 . Ballistic Gun 20 | . 19 22 Launcher 2 | . 3 . Naked Turns . | . . . Heaviest Build 14 | 12 14 13 Greatest Support 20 | 20 20 20 Greatest Overweight (x) . | . . . Average Overweight (x) . | . . . Largest Inventory Capacity 8 | 8 8 5 Average Capacity 5 | 6 5 5 Most Carried 3 | . 2 3 Average Carried 1 | . . 2 Final Capacity 8 | 8 5 5 Final Carried 2 | . 1 2 Class Distribution -------------------- 100% | Mutant Dominant Class ---------------- Mutant | -10/Materials Mutant | -9/Materials Resources | -11 -10 -9 ----------- Run | Jun Mat Mat Matter Collected 568 | 202 285 81 Remotely . | . . . Salvage Created 468 | . 387 81 Parts 23 | . 21 2 Haulers Intercepted 1 | . 1 . Recyclers Shooed . | . . . Parts Field Recycled . | . . . Retrieved Matter . | . . . Parts Self-Destructed . | . . . Prevented . | . . . Kills | -11 -10 -9 ------- Run | Jun Mat Mat Combat Hostiles Destroyed 14 | . 12 2 Guns 10 | . 8 2 AOE 4 | . 4 . Classes Destroyed 4 | . 4 . Builder 1 | . 1 . Hauler 1 | . 1 . Swarmer 3 | . 3 . Grunt 11 | . 9 2 Best Kill Streak 9 | . 9 1 Combat Bots Only 7 | . 7 1 Max Kills in Single Turn 3 | . 3 1 Gunslinging . | . . . Exploded 1 | . 1 . Melee . | . . . Uniques/NPCs Destroyed . | . . . Combat | -11 -10 -9 -------- Run | Jun Mat Mat Damage Taken 757 | . 407 350 Core 207 | . 101 106 Absorbed by Shields . | . . . Core Remaining (%) 79 | 100 59 . Volleys Fired 53 | . 38 15 Largest 2 | . 2 2 Hottest 50 | . 50 43 Shots Fired 87 | . 57 30 Gun 80 | . 50 30 Cannon . | . . . Launcher 7 | . 7 . Special . | . . . Kinetic 80 | . 50 30 Thermal . | . . . Explosive 7 | . 7 . Electromagnetic . | . . . Robot Hit Streak 12 | . 12 11 Robot Miss Streak 2 | . 1 2 Penetration Max . | . . . Secondary Targets 1 | . 1 . Max Gunslinging Chain 1 | . 1 . Shots Hit Robots 72 | . 48 24 Core Hits 34 | . 27 7 Critical Kills . | . . . Critical Parts Destroyed 1 | . 1 . Critical Strikes 1 | . 1 . Destroy 1 | . 1 . Melee Attacks . | . . . Impact . | . . . Slashing . | . . . Piercing . | . . . Sneak Attacks . | . . . Combat Hostiles . | . . . Follow-up Attacks . | . . . Damage Inflicted 1159 | . 867 292 Guns 713 | . 421 292 Cannons . | . . . Explosions 446 | . 446 . Melee . | . . . Ramming . | . . . Kinetic 713 | . 421 292 Thermal . | . . . Explosive 446 | . 446 . Electromagnetic . | . . . Impact . | . . . Slashing . | . . . Piercing . | . . . Highest Corruption . | . . . Average Corruption . | . . . Corruption Purged . | . . . Corruption Blocked . | . . . Overload Shots . | . . . Overflow Damage 21 | . 21 . Projectiles . | . . . Explosions 21 | . 21 . Melee . | . . . Knockbacks . | . . . Impact . | . . . Kinetic . | . . . Secondary . | . . . Self-Inflicted Damage 17 | . 17 . Shots 1 | . 1 . Rammed . | . . . Targets Rammed . | . . . Kicked . | . . . Crushed . | . . . Highest Temperature 54 | . 54 23 Average Temperature 15 | . 17 10 Received Heat Transfer 522 | . 261 261 Siege Activations . | . . . Robots Corrupted . | . . . Combat Hostiles . | . . . Parts Fried . | . . . Impact Corruptions . | . . . Robots Melted . | . . . Combat Hostiles . | . . . Parts Melted . | . . . Heat Transferred . | . . . Parts Sabotaged . | . . . Parts Stolen . | . . . Parts Stripped . | . . . Power Chain Reactions . | . . . Missiles Intercepted . | . . . Alert | -11 -10 -9 ------- Run | Jun Mat Mat Peak Influence 380 | . 380 185 Initial 136 | . . 136 Average 168 | . 196 155 Maximum Alert Level 1 | . 1 . Low Security (%) 73 | 100 49 100 Level 1 26 | . 50 . Level 2 . | . . . Level 3 . | . . . Level 4 . | . . . Level 5 . | . . . High Security . | . . . Max Security . | . . . Squads Dispatched 3 | . 1 2 Investigation 2 | . 1 1 Extermination . | . . . Reinforcement 1 | . . 1 Assault . | . . . Garrison . | . . . Intercept . | . . . Searches Triggered . | . . . Construction Impeded . | . . . Haulers Reinforced . | . . . Active Scanning Responses . | . . . Cargo Convoy Interrupts . | . . . Stealth | -11 -10 -9 --------- Run | Jun Mat Mat Distress Signals 1 | . . 1 Communications Jammed . | . . . Distress Signals . | . . . Times Spotted 26 | . 16 10 Peak Tracking Total 6 | . 3 6 Tactical Retreats 1 | . 1 . Traps | -11 -10 -9 ------- Run | Jun Mat Mat Traps Triggered 1 | . . 1 Indirectly . | . . . Trap Hack Attempts . | . . . Triggered . | . . . Disarmed . | . . . Reprogrammed . | . . . Reused . | . . . Traps Extracted . | . . . Installed . | . . . Triggered . | . . . Machines | -11 -10 -9 ---------- Run | Jun Mat Mat Machines Disabled 2 | . 2 . Max in Single Turn 1 | . 1 . Machines Repaired . | . . . Machines Sabotaged . | . . . Overloaded Fab Kills . | . . . Hacking | -11 -10 -9 --------- Run | Jun Mat Mat Machines Accessed 4 | . 3 1 Terminals 3 | . 2 1 Fabricators . | . . . Repair Stations . | . . . Recycling Units 1 | . 1 . Scanalyzers . | . . . Garrison Access . | . . . Total Hacks 11 | . 8 3 Successful 5 | . 4 1 Failed 6 | . 4 2 Catastrophic . | . . . Database Lockouts . | . . . Manual . | . . . Terminals 9 | . 6 3 Fabricators . | . . . Repair Stations . | . . . Recycling Units 2 | . 2 . Scanalyzers . | . . . Garrison Access . | . . . Terminal Hacks 3 | . 2 1 Prototype ID Bank 1 | . 1 . Level Access Points 1 | . 1 . Transport Status 1 | . . 1 Fabricator Hacks . | . . . Repair Station Hacks . | . . . Recycling Unit Hacks 2 | . 2 . Retrieve Matter 1 | . 1 . Retrieve Components 1 | . 1 . Scanalyzer . | . . . Garrison Access Hacks . | . . . Unauthorized Hacks . | . . . Terminals . | . . . Fabricators . | . . . Repair Stations . | . . . Recycling Units . | . . . Scanalyzers . | . . . Garrison Access . | . . . Data Cores Recovered . | . . . Used . | . . . Hacking Detections 2 | . 2 . Full Trace Events 2 | . 2 . Feedback Events . | . . . Feedback Blocked . | . . . Robot Schematics Acquired . | . . . Robots Built . | . . . Authchips . | . . . Time . | . . . Total Robot Build Rating . | . . . Part Schematics Acquired . | . . . Parts Built . | . . . Authchips . | . . . Time . | . . . Total Part Build Rating . | . . . Parts Repaired . | . . . Time . | . . . Parts Recycled . | . . . Recycled Matter . | . . . Retrieved Matter . | . . . Retrieved Components 1 | . 1 . Parts Scanalyzed . | . . . Part Schematics Acquired . | . . . Parts Damaged . | . . . Bothacking | -11 -10 -9 ------------ Run | Jun Mat Mat Used RIF Installer . | . . . Robots Hacked . | . . . Non-combat . | . . . Combat . | . . . Robot Hacks Applied . | . . . Relay Couplers Released . | . . . Fabnet Peak Effective % . | . . . Robots Rewired . | . . . Allies Hacked . | . . . Hacks Repelled . | . . . Allies | -11 -10 -9 -------- Run | Jun Mat Mat Total Allies . | . . . Largest Group . | . . . Highest-Rated Group . | . . . Highest-Rated Ally . | . . . Total Orders . | . . . Ally Attacks . | . . . Total Damage . | . . . Kills . | . . . Allies Corrupted . | . . . Allies Melted . | . . . Intel | -11 -10 -9 ------- Run | Jun Mat Mat Robot Analysis Total . | . . . Derelict Logs Recovered . | . . . Drone Launches . | . . . Drone Recoveries . | . . . Exploration | -11 -10 -9 ------------- Run | Jun Mat Mat Turns Passed 737 | 41 387 309 Spaces Moved 484 | 33 235 216 Core 10 | 10 . . Treads . | . . . Legs 474 | 23 235 216 Wheels . | . . . Hover . | . . . Flight . | . . . Fastest Speed 50 | 50 120 120 Average Speed 118 | 98 120 120 Slowest Speed 120 | 120 120 120 Overloaded Moves . | . . . Propulsion Burnouts . | . . . Robots Hopped . | . . . Cave-ins Triggered . | . . . Exploration Rate (%) 17 | 2 32 18 Regions Visited 2 Branch Regions . Pre-discovered Areas . | . . . Known Exits Taken 1 | . 1 . Unknown Exits Taken 1 | 1 . . Scrap Searched . | . . . Spaces Dug . | . . . Terrain Destroyed 45 | . 45 . Melee . | . . . Projectile . | . . . AOE 45 | . 45 . Terrain Rammed . | . . . Walls Destroyed . | . . . Machines Disabled . | . . . Actions | -11 -10 -9 --------- Run | Jun Mat Mat Total 565 | 38 289 238 Wait 3 | . 3 . Move 482 | 32 234 216 Hop . | . . . Pick Up 1 | . 1 . Fast Attach 13 | 6 5 2 Attach 3 | . 2 1 Detach 1 | . 1 . Swap 3 | . 1 2 Drop 6 | . 4 2 Fire 53 | . 38 15 Melee . | . . . Ram . | . . . Kick . | . . . Crush . | . . . Escape Stasis . | . . . Rewire . | . . . Trap . | . . . Miscellaneous . | . . . Route ------- -11/Junkyard -10/Materials (discovered 3 exits: *Mat x3) -9/Materials History --------- Turn | Location | Event 21 | -11/Junkyard | Discovered new exit (range 15) 42 | -11/Junkyard | Entered Materials 156 | -10/Materials | Identified exit to Materials 268 | -10/Materials | Destroyed 7 combat bots 302 | -10/Materials | Build established: Mutant 429 | -10/Materials | Entered another Materials area 429 | -9/Materials | Evolved 2 slots: Utility x2 738 | -9/Materials | Self-destructed Last Messages --------------- 00511_ Identified Imp. Assault Rifle. 00556_ K-01 Serf cleans the Terminal. 00574_ Connecting with Terminal... >>Enumerate(Transport) Retrieving latest reported positions... Found 6 active transport squads. Downloaded coordinate data. 00580_ Dropped Aluminum Leg. 00581_ Acquired Aluminum Leg. 00587_ K-01 Serf collects debris. 00623_ Triggered Alarm Trap. 00623_ An alarm sounds. 00623_ ALERT: Alarm triggered, dispatching investigation squad. 00635_ K-01 Serf collects debris. 00679_ ECM Suite destroyed. 00682_ G-34 Mercenary destroyed. 00724_ Ion Engine destroyed. 00730_ Acquired 40 matter. 00736_ Lgt. Ion Engine destroyed. 00736_ Acquired 41 matter. Map ----- +----------------------------------------------------+ | ?????????????????????????????????????????????? | | ?????????????????????????????????????????????? | | ?????????????????????????????????????????????? | | ?????????????????????????????????????????????? | | ?????????????????????????????????????????????? | | ?????????????????????????????????????????????? | | ?????????????????????????????????????????????? | | ?????????????????????????????????????????????? | | ?????????????????????????????????????????????? | | ?????????????????????????????????????????????? | | ?????????????????????????????????????########? | | ?????????????????????????????????????#! "T" #? | | ?????????????????????????????????????# #? | | ?????????????????????????????????????# = !!!#? | | ?????????????????????????????????????# !! #? | | ?????????????????????????????????????# !! #? | | ???????????????????????????########??? ??? | | ???????????????????????????#[[[ ######+#???? | | ???????????????????????????#[[ / #???? | | ???????????????????????????#[ ###### #???? | | ???????????????????????????# #????# #???? | | ???????????????????????????# #????# #???? | | ???????????????????????????# #????# #???? | | ?????????????"" ####+########g####???## ##??? | | ?????????????"" * gg ##### #??? | | ?????????? g @ T #??? | | ?????????? g ar##### #??? | | ?????????????#+######a#############???## ##??? | | ???????????????????????????????????????# #???? | | ???????????????????????????????????????# ##??? | | ???????????????????????????????????????# #??? | | ????????????????????????????############ #??? | | ????????????????????????????# ## #??? | | ????????????????????????????# T ## #??? | | ????????????????????????????# ## #??? | | ????????????????????????????# ## #??? | | ????????????????????????????# """ """ ## #??? | | ????????????????????????????# """ """ ## #??? | | ????????????????????????????# """ """ ## #??? | | ??????????????????########### ## #??? | | ??????????????????# ###+#####+## #??? | | ??????????????????# = # #### ## #??? | | ??????????????????# """ """ + ## #??? | | ??????????????????# """ """ # T ## #??? | | ??????????????????# """ """ # ####### #??? | | ??????????????????? """ """ ## ##?????# #??? | | ??????????????????? """ """ ## #??????# #??? | | ??????????????????? ## #??????# #??? | | ????????????????????########## #??????# #??? | | ????????????????????# # ######## #??? | +----------------------------------------------------+ Best States ------------- Heat Dissipation 28 Energy Generation 10 Energy Capacity 250 Matter Stores 300 Matter Capacity 300 Sight Range 16 Terrain Scan Density 10 ECM Strength 2 Resistance: KI 20 Resistance: TH 20 Resistance: EX 20 Resistance: EM 20 Resistance: I 20 Resistance: S 20 Resistance: P 20 Evasion (%) 55 Offensive Hacking 10 Item Schematics ----------------- None Robot Schematics ------------------ None Fabricated ------------ Nothing Alien Tech Used ----------------- None Achievements -------------- None Challenges ------------ None Game ------ Seed GatlingSmartbombSpear Manual? 0 Play Time 00:11:49 Cumulative 24.0 hours Start 2023.03.04 @ 22:48:14 End 2023.03.14 @ 20:27:08 Sessions 9 Manual Loads 0 Difficulty Adventurer Special Mode None Game No. 29 Rogue 4 Adventurer 25 Explorer 0 Win Type - Total 0 Types 0/0/0/0/0/0/0/0/0 Lore% 24 Gallery% 31 Achievement% 25 Wizard Run 0 Options --------- ASCII 0 Keyboard 0 Movement Mouse Keybinds 0 Fullscreen 1 Font 18/SmallcapsGlow Map View 76x50 Tactical HUD 1 Map Filters NONE Filters NONE Steam 1 RUN: c814bf66-439d-473d-9f86-e06f02cb3d35